Map: Desert Strike Legacy 2 (OfficiaI)

Players

MattBarry

  • Race: Zerg Zerg
  • League: Silver
  • Spawn Location: 1:00

DOK

  • Race: Zerg Zerg
  • Spawn Location: 6:00

Riptide

  • Race: Zerg Zerg
  • Spawn Location: 12:00

DnA

  • Race: Protoss Protoss
  • Spawn Location: 6:00

Huss

  • Race: Zerg Zerg
  • Spawn Location: 11:00

LGSurge

  • Race: Zerg Zerg
  • Spawn Location: 7:00

VOD

Have the link to the VOD?

Description

Time

  • Played on: Jan. 19, 2023, 11:50 a.m.
  • Length: 2:28
Show
View Real Time Build Order
Export as new Build Order

MattBarry Zerg 

Build Orders:  

Get SALT Encoding   

    0:21  Unknown  
    0:42  Extractor  
Show
View Real Time Build Order
Export as new Build Order

DOK Zerg 

Build Orders: 3 Hatch before Pool 

Get SALT Encoding   

    0:07  Hatchery  
    0:08  Hatchery  
    0:21  Unknown  
    0:35  Extractor  
    1:28  Spawning Pool  
    1:29  Roach Warren  
    1:58  Extractor  
Show
View Real Time Build Order
Export as new Build Order

Riptide Zerg 

Build Orders: Hatch First 

Get SALT Encoding   

    0:21  Unknown  
    0:25  Hatchery  
    0:35  Extractor  
    0:55  Spawning Pool  
    1:51  Extractor  
Show
View Real Time Build Order
Export as new Build Order

DnA Protoss 

Build Orders: 1 Gate Expand, Nexus First, Dark Templar Rush 

Get SALT Encoding   

    0:14  Nexus  
    0:21  Unknown  
    0:36  Assimilator  
    0:57  Gateway  
    1:28  Cybernetics Core  
    1:30  Twilight Council  
    1:40  Dark Shrine  
    2:09  Assimilator  
Show
View Real Time Build Order
Export as new Build Order

Huss Zerg 

Build Orders: Hatch First 

Get SALT Encoding   

    0:13  Hatchery x2  
    0:16  Hatchery  
    0:21  Unknown  
    0:35  Extractor  
    1:51  Extractor  
    1:57  Spawning Pool  
Show
View Real Time Build Order
Export as new Build Order

LGSurge Zerg 

Build Orders: Hatch First 

Get SALT Encoding   

    0:11  Hatchery  
    0:21  Unknown  
    0:35  Extractor  
    0:57  Spawning Pool  
    1:03  Spawning Pool  
    1:12  Spawning Pool  
    1:51  Extractor  
Tags
 
Add a new tag
Caveats
  • Supply blocks, unpowered buildings, or Contaminate may cause inaccurate times.
  • Supply counts are checked every 10 seconds.